 Dungeon Crawl Stone Soup version 0.26-a0-542-gbaa144ba5c (webtiles) character file.

Game seed: 7921706486198895572

442 Notrik the Skirmisher (level 7, -2/48 HPs)
             Began as a Gargoyle Fighter on Aug 18, 2020.
             Slain by an orc warrior
             ... wielding a +0 short sword
              (6 damage)
             ... on level 4 of the Dungeon.
             The game lasted 00:04:33 (2997 turns).

Notrik the Skirmisher (Gargoyle Fighter)            Turns: 2997, Time: 00:04:34

Health: -2/48      AC: 13    Str: 22    XL:     7   Next: 2%
Magic:  7/7        EV:  7    Int:  8    God:
Gold:   185        SH:  9    Dex:  9    Spells: 6/6 levels left

rFire    . . .     SeeInvis .   a - +0 flail
rCold    . . .     Faith    .   c - +0 kite shield
rNeg     + . .     Spirit   .   b - +0 scale mail
rPois    ∞         Reflect  .   (no helmet)
rElec    +         Harm     .   f - +1 cloak
rCorr    .                      (no gloves)
MR       .....                  (no boots)
Stlth    ..........             (no amulet)
HPRegen  0.16/turn              (no ring)
MPRegen  0.10/turn              (no ring)

@: stab
A: negative energy resistance 1, electricity resistance, unbreathing,
petrification resistance, rot immunity, AC +4
a: no special abilities


You were on level 4 of the Dungeon.
You visited 1 branch of the dungeon, and saw 4 of its levels.

You collected 185 gold pieces.

Inventory:

Hand Weapons
 a - a +0 flail (weapon)
Armour
 b - a +0 scale mail (worn)
 c - a +0 kite shield (worn)
 f - a +1 cloak (worn)
   (You found it on level 2 of the Dungeon)
 t - a +0 pair of boots
   (You found it on level 4 of the Dungeon)
Jewellery
 r - an uncursed ring of stealth {unknown}
   (You found it on level 4 of the Dungeon)
 s - an uncursed ring of protection from magic {unknown}
   (You found it on level 4 of the Dungeon)
Scrolls
 g - 3 scrolls of identify {unknown}
 j - a scroll of teleportation {unknown}
 k - 3 scrolls of amnesia {unknown}
 l - a scroll of immolation {unknown}
 p - a scroll of enchant weapon {unknown}
 q - a scroll of enchant armour {unknown}
Potions
 d - a potion of might
 e - 3 potions of curing {unknown}
 h - a potion of brilliance {unknown}
 i - 4 potions of lignification {unknown}
 m - a potion of stabbing
 n - a potion of resistance {unknown}
 o - a potion of heal wounds {unknown}


   Skills:
 * Level 7.1 Fighting
 + Level 4.4 Maces & Flails
 - Level 3.2 Armour
 - Level 3.2 Shields


You had 6 spell levels left.
You didn't know any spells.
Your spell library was empty.

Dungeon Overview and Level Annotations

Branches:
Dungeon (4/15)
 Temple: D:4-7

Altars:
Fedhas
Kikubaaqudgha
The Shining One


Innate Abilities, Weirdness & Mutations

You are resistant to torment.
Your stone body is resilient. (AC +4)
You are immune to poison.
You resist negative energy. (rN+)
You are resistant to electric shocks. (rElec)
You can survive without breathing.
You are immune to petrification.
You are immune to rotting.


Message History

The orc warrior shouts!
The orc priest shouts!
The orc priest calls down the wrath of Beogh upon you.
Beogh smites you!
The orc warrior moves out of view.
You hear a shout!
An orc comes into view. It is wielding a +0 flail.
The orc shouts!
The orc hits you but does no damage.
You hit the orc. You closely miss the orc priest.
The orc priest invokes the aid of Beogh against you.
Beogh smites you! The orc hits you with a +0 dagger.
You barely miss the orc. You block the orc warrior's attack.
The orc hits you but does no damage.
The orc warrior hits you but does no damage.
You closely miss the orc. You block the orc priest's attack.
The orc closely misses you. The orc hits you but does no damage.
The orc warrior closely misses you.
The orc priest hits you with a +1 dagger of venom.
* * * LOW HITPOINT WARNING * * *
You sock the orc!
You kill the orc!
The orc warrior throws a boomerang.
You block the boomerang. You block the orc warrior's attack.
You sock the orc warrior!
The orc warrior hits you but does no damage.
You hit the orc warrior. The orc hits you but does no damage.
You block the orc warrior's attack. The orc warrior barely misses you.
The orc hits you but does no damage.
You closely miss the orc warrior. The orc hits you but does no damage.
The orc warrior hits you with a +0 short sword.
* * * LOW HITPOINT WARNING * * *
You hit the orc warrior.
The orc warrior hits you but does no damage.
The orc hits you but does no damage.
You closely miss the orc warrior.
The orc warrior hits you with a +0 short sword!
* * * LOW HITPOINT WARNING * * *
The orc hits you with a +0 dagger.
* * * LOW HITPOINT WARNING * * *
The orc priest invokes the aid of Beogh against you.
Beogh smites you!
* * * LOW HITPOINT WARNING * * *
It was a potion of stabbing.
You feel ready to backstab.
The orc warrior hits you with a +0 short sword.
* * * LOW HITPOINT WARNING * * *
The orc hits you but does no damage.
You closely miss the orc warrior.
The orc warrior hits you with a +0 short sword.
You die...

#.. ###..##
#..#...##..# ##
##.# ...##.##
.## .# ...#..#
..# .. ..##.#
.## ###..
..#.## ##
##.##..###.#..#
# #..#
#.....#o.# #
##..# #..@oo#
###..##
..#####.#
###...##
........#
#.†...#
.........#
.....##
#........#
.....#
###......#
.....# ###
##...... .....#
#.### ###....#
....## ##...##
###..#


You could see an orc warrior, an orc priest and an orc.

Vanquished Creatures
  Sigmund (D:3)
  A water moccasin skeleton (D:4)
  A scorpion (D:4)
  An orc wizard (D:4)
  A worker ant (D:2)
  6 adders
  An adder skeleton (D:4)
  3 worms
  4 leopard geckos
  5 orcs
  6 giant cockroaches
  7 goblins
  3 hobgoblins
  2 jackals (D:2)
  A quokka (D:2)
  2 ball pythons (D:2)
  9 bats
  4 frilled lizards
  A jackal skeleton (D:4)
  A kobold (D:1)
  A quokka skeleton (D:4)
  8 rats
69 creatures vanquished.

Notes
Turn   | Place    | Note
-------+----------+-------------------------------------------
     0 | D:1      | Notrik the Gargoyle Fighter began the quest for the Orb.
     0 | D:1      | Reached XP level 1. HP: 14/14 MP: 1/1
   331 | D:1      | Reached XP level 2. HP: 19/20 MP: 2/2
   525 | D:1      | Reached skill level 4 in Fighting
   711 | D:1      | Reached XP level 3. HP: 24/24 MP: 3/3
  1143 | D:2      | Reached XP level 4. HP: 29/30 MP: 4/4
  1171 | D:2      | Found a faded altar of an unknown god.
  1439 | D:2      | Reached skill level 5 in Fighting
  1614 | D:2      | Found a blossoming altar of Fedhas.
  1720 | D:2      | Reached XP level 5. HP: 31/35 MP: 5/5
  1956 | D:3      | Noticed Sigmund
  1971 | D:3      | Killed Sigmund
  1971 | D:3      | Reached skill level 6 in Fighting
  1971 | D:3      | Reached XP level 6. HP: 42/42 MP: 6/6
  2011 | D:3      | Found an ancient bone altar of Kikubaaqudgha.
  2393 | D:4      | Found a glowing golden altar of the Shining One.
  2959 | D:4      | Reached skill level 7 in Fighting
  2959 | D:4      | Reached XP level 7. HP: 47/48 MP: 7/7
  2997 | D:4      | Slain by an orc warrior

Illustrated notes

Levels and vault maps discovered:
D:1:      moated_graveyard_arrival, layout_rooms
D:2:      layout_rooms, lemuel_round_altar, chequers_ecumenical_altar_lobes,
          minmay_heptomino_d4
D:3:      layout_basic, kiku_gazebo_garden_becter, uniq_sigmund
D:4:      minmay_evil_eye, layout_cave_pods, tso_metal_star, serial_bayou,
          serial_bayou_ford_a, serial_bayou_lagoon_a, serial_bayou_pond_b,
          serial_bayou_crossing, uniq_menkaure

Skill      XL: |  1  2  3  4  5  6 |
---------------+-------------------+-----
Fighting       | 4 5 6 7 |  7.1
Maces & Flails | 3 4 |  4.4
Armour         | |  3.2
Shields        | |  3.2

Action                   |  1- 3 |  4- 6 |  7- 9 || total
-------------------------+-------+-------+-------++-------
Melee: Flail             |   130 |   195 |    11 ||   336
  Use: Potion            |       |       |     1 ||     1
Armor: Scale mail        |    81 |   115 |     8 ||   204
Dodge: Dodged            |    44 |    68 |     3 ||   115
Block: Kite shield       |    80 |   114 |     5 ||   199

Table legend: (Time is in decaauts)
 A = Elapsed time spent in this place.
 B = Non-inter-level travel time spent in this place.
 C = Inter-level travel time spent in this place.
 D = Time resting spent in this place.
 E = Time spent auto-exploring this place.
 F = Levels seen in this place.
 G = Mean time per level.
                   A        B        C        D        E       F      G
               +--------+--------+--------+--------+--------+-----+--------+
         Total |   3117 |   3077 |     40 |    589 |   1737 |   4 |  779.2 |
       Dungeon |   3117 |   3077 |     40 |    589 |   1737 |   4 |  779.2 |
               +--------+--------+--------+--------+--------+-----+--------+

Top non-repeatable levels by time:
     D:2: 1165 daAuts
     D:1: 766 daAuts
     D:3: 669 daAuts
     D:4: 516 daAuts
